Map: Orbital Shipyard

Players

Hindulaatti - Winner!

  • Race: Terran Terran
  • League: Gold

Woodrose

  • Race: Zerg Zerg
  • League: Diamond

VOD

Have the link to the VOD?

Description

Time

  • Played on: Dec. 20, 2015, 5:26 a.m.
  • Length: 8:54
Show
View Real Time Build Order
Export as new Build Order

Hindulaatti Terran - Winner!

Build Orders: Command Center First (CC) 

Get SALT Encoding   

  12  0:01  SCV  
  13  0:15  SCV  
  13  0:18  Supply Depot  
  14  0:27  SCV  
  15  0:39  SCV  
  16  0:53  SCV  
  17  1:02  Command Center  
  17  1:06  SCV  
  18  1:16  Barracks  
  18  1:23  SCV  
  19  1:28  Refinery  
  19  1:36  SCV  
  20  1:52  SCV  
  21  2:01  Supply Depot  
  21  2:05  SCV  
  21  2:06  Marine  
  23  2:17  Orbital Command x2  
  23  2:27  Refinery  
  23  2:29  Barracks Reactor  
  23  2:44  SCV x2  
  25  2:55  Factory  
  25  2:58  SCV x2  
  27  3:05  Barracks  
  27  3:07  Marine x2, Barracks  
  27  3:11  SCV x2  
  31  3:26  SCV  
  32  3:29  Command Center, SCV  
  32  3:30  Marine  
  32  3:32  Marine  
  35  3:38  Supply Depot  
  35  3:40  Factory Tech Lab  
  35  3:43  SCV x2  
  37  3:50  Marine x2  
  37  3:53  Barracks Tech Lab  
  37  3:55  SCV x2  
  41  3:57  Barracks Tech Lab  
  41  3:59  Barracks Reactor  
  41  4:06  Supply Depot  
  41  4:08  Siege Tank  
  41  4:09  SCV x2  
  46  4:16  Supply Depot  
  46  4:17  Supply Depot, Marine  
  46  4:20  Stimpack  
  46  4:24  Refinery, SCV  
  48  4:25  SCV  
  48  4:26  Marine  
  48  4:28  Marine  
  51  4:35  Refinery  
  51  4:36  SCV  
  51  4:37  SCV  
  53  4:43  Orbital Command  
  53  4:45  Marine x2  
  54  4:46  Marine  
  54  4:47  Marauder  
  54  4:52  Starport  
  58  5:00  Engineering Bay  
  58  5:01  Orbital Command  
  58  5:02  Engineering Bay  
  58  5:03  SCV x2  
  60  5:08  Marine x2  
  60  5:09  Marine x2  
  64  5:18  Siege Tank  
  67  5:24  Marauder, SCV x2  
  71  5:37  SCV x2  
  71  5:38  Terran Infantry Armor Level 1, Terran Infantry Weapons Level 1  
  71  5:41  Armory, Barracks Reactor  
  73  5:48  Medivac  
  75  5:50  Siege Tank  
  78  5:59  SCV  
  78  6:00  SCV x2  
  81  6:04  Marauder, Marine x2  
  81  6:05  Medivac  
  87  6:14  Barracks  
  87  6:17  Barracks  
  87  6:20  Medivac  
  87  6:22  Refinery, Marine, Siege Tank  
  93  6:27  Refinery  
  93  6:41  Marine  
  93  6:44  Marine, SCV  
  93  6:45  Marine, SCV  
  93  6:46  SCV  
  93  6:47  Marine  
  93  6:49  Marauder  
  93  6:51  Liberator x2  
  93  7:03  Supply Depot x2  
  93  7:08  Marine x4, SCV  
  93  7:09  SCV x2  
  93  7:11  Marauder  
  108  7:17  Barracks Reactor x2  
  108  7:21  SCV  
  109  7:24  SCV x2, Siege Tank  
  109  7:26  Supply Depot, Marine x2  
  109  7:27  Supply Depot  
  109  7:28  Armory  
  116  7:31  Marine x2  
  116  7:33  Missile Turret, SCV  
  116  7:36  SCV x2  
  121  7:45  SCV  
  121  7:48  Marine x2, SCV  
  121  7:49  Marauder, Marine x2, SCV  
  130  7:51  Medivac  
  130  7:57  SCV  
  133  8:06  Marine  
  128  8:29  Marauder, Marine x4  
  128  8:30  Marine x4  
  138  8:39  SCV x3  
  141  8:45  Supply Depot  
  141  8:47  Supply Depot x2  
Show
View Real Time Build Order
Export as new Build Order

Woodrose Zerg 

Build Orders: Hatch First 

Get SALT Encoding   

  12  0:03  Drone  
  13  0:12  Drone  
  14  0:24  Drone, Extractor  
  15  0:41  Hatchery  
  14  0:45  Drone, Extractor  
  15  0:59  Spawning Pool  
  14  1:11  Drone, Extractor  
  14  1:12  Drone, Extractor  
  14  1:16  Overlord  
  16  1:45  Drone, Hatchery  
  16  1:56  Drone x3  
  19  2:02  Drone  
  20  2:10  Queen  
  22  2:19  Queen  
  24  2:23  Drone  
  24  2:27  Zergling x2  
  26  2:33  Drone x2  
  28  2:44  Overlord  
  28  3:04  Drone x5  
  28  3:05  Drone x2  
  35  3:07  Extractor  
  35  3:08  Extractor  
  35  3:10  Drone, Roach Warren  
  33  3:18  Drone x2  
  35  3:22  Drone  
  36  3:40  Drone x4  
  36  3:41  Drone  
  41  3:44  Drone  
  41  3:45  Overlord  
  41  3:47  Overlord  
  42  3:49  Overlord  
  42  3:58  Evolution Chamber  
  41  4:09  Lair  
  41  4:10  Drone  
  41  4:11  Queen x2  
  41  4:14  Drone x2  
  41  4:15  Drone  
  49  4:21  Drone x3  
  49  4:22  Drone  
  53  4:25  Extractor  
  53  4:31  Zerg Missile Weapons Level 1  
  52  4:43  Drone x4  
  52  4:44  Drone x2  
  58  4:47  Queen  
  58  4:52  Spore Crawler  
  59  4:53  Queen  
  61  5:09  Spore Crawler, Nydus Network  
  61  5:11  Spore Crawler  
  61  5:14  Overseer  
  58  5:18  Overlord x2  
  58  5:19  Overlord  
  58  5:22  Glial Reconstitution, Queen  
  58  5:25  Queen  
  62  5:41  Queen  
  64  5:46  Roach  
  64  5:47  Roach x10  
  86  6:16  Nydus Canal  
  86  6:21  Overlord x2  
  86  6:22  Overlord x3  
  86  6:28  Overlord  
  86  6:39  Queen x2  
  51  7:00  Roach  
  51  7:01  Roach x16  
  85  7:02  Roach  
  87  7:14  Drone x3, Extractor  
  89  7:27  Drone x4  
  93  7:30  Extractor  
  93  7:31  Extractor  
  91  7:41  Roach  
  91  7:42  Roach x2  
  96  7:57  Roach x8  
  96  7:58  Roach  
  111  8:10  Roach  
  111  8:11  Roach x3  
  83  8:33  Roach x6  
Tags
 
Add a new tag
Caveats
  • Supply blocks, unpowered buildings, or Contaminate may cause inaccurate times.
  • Supply counts are checked every 10 seconds.